 Dungeon Crawl Stone Soup version 0.28.0-43-g3370ac3207 (webtiles) character file.

Game seed: 12265729135264064945

79 issech the Cudgeller (level 4, -1/44 HPs)
             Began as a Troll Monk on Mar 27, 2022.
             Succumbed to a scorpion's poison
             ... on level 3 of the Dungeon.
             The game lasted 00:05:27 (1666 turns).

issech the Cudgeller (Troll Monk)                   Turns: 1666, Time: 00:05:27

Health: -1/44      AC:  5    Str: 19    XL:     4   Next: 17%
Magic:  3/3        EV: 10    Int:  6    God:
Gold:   59         SH:  0    Dex: 14    Spells: 3/3 levels left

rFire   . . .      SeeInvis .   a - +0 mace
rCold   . . .      Faith    .   (no shield)
rNeg    + . .      Spirit   .   b - +0 robe
rPois   .          Reflect  .   (helmet restricted)
rElec   .          Harm     .   k - +0 cloak
rCorr   .          Rampage  .   (gloves unavailable)
Will    .....                   (boots unavailable)
Stlth   ++........              (no amulet)
HPRegen 0.94/turn               g - ring of positive energy
MPRegen 0.08/turn               (no ring)

@: lethally poisoned (-1 -> -5)
A: large, unfitting armour, claws 3, regeneration 1, shaggy fur 1, tough skin 1
a: no special abilities


You were on level 3 of the Dungeon.
You visited 1 branch of the dungeon, and saw 3 of its levels.

You collected 59 gold pieces.

Inventory:

Hand Weapons
 a - a +0 mace (weapon)
 n - a +0 dagger of venom
Missiles
 e - 22 arrows
 i - 7 stones (quivered)
Armour
 b - a +0 robe (worn)
 k - a +0 cloak (worn)
 o - a scarf of resistance
Jewellery
 g - a ring of positive energy (left claw)
Scrolls
 c - a scroll of teleportation {unknown}
 f - a scroll of identify {unknown}
 h - a scroll of fear {unknown}
 j - a scroll of fog {unknown}
 m - a scroll of magic mapping {unknown}
 q - a scroll of enchant armour {unknown}
Potions
 d - a potion of curing {unknown}
 l - a potion of magic {unknown}
 p - a potion of flight {unknown}


   Skills:
 + Level 2.9 Fighting
 + Level 3.7 Maces & Flails
 + Level 2.9 Dodging
 + Level 1.2 Stealth


You had 3 spell levels left.
You didn't know any spells.
Your spell library contained the following spells:

 Spells                   Type           Power      Damage    Failure   Level
 Pain                     Necr           0%         1d4       45%         1
 Agony                    Necr           0%         N/A       100%        5
 Excruciating Wounds      Necr           0%         N/A       100%        5


Dungeon Overview and Level Annotations

Branches:
Dungeon (3/15)

Altars:

Shops:
D:2 *


Innate Abilities, Weirdness & Mutations

You are too large for most types of armour.
You have claws for hands.
Your natural rate of healing is unusually fast.
You are covered in fur. (AC +1)
You have tough skin. (AC +1)


Message History

You feel sick.
You feel sick.
You feel sick.
You feel sick.
You are no longer poisoned.
The scorpion closely misses you. The scorpion stings you.
* * * LOW HITPOINT WARNING * * *
The scorpion stings you.
* * * LOW HITPOINT WARNING * * *
The scorpion misses you.
Found 6 javelins.
The scorpion stings you.
* * * LOW HITPOINT WARNING * * *
The scorpion stings you.
* * * LOW HITPOINT WARNING * * *
You are poisoned.
The scorpion poisons you!
You feel very sick.
You feel sick.
You feel sick.
You feel sick.
You feel sick.
The scorpion stings you but does no damage.
You open the door.
You feel sick. The scorpion stings you.
* * * LOW HITPOINT WARNING * * *
You feel sick.
There is an open door here.
You feel sick.
You are no longer poisoned.
A kobold comes into view. It is wielding a +0 short sword.
The kobold shouts!
You hear a shout! x4
There is an escape hatch in the floor here.
The scorpion stings you!
* * * LOW HITPOINT WARNING * * *
You are lethally poisoned!
The scorpion poisons you!
* * * LOW HITPOINT WARNING * * *
You feel very sick.
You die...

##########
######).......#
..............####
..............'..#
..........>...##.#
...............#.#
...$..K..s...†##.####
.......@.....#......#
.......#######.######
.......#######.#
..........>....#
..(...########.#
......######...#
...........#.#.#####
#............#.....#####
##..#..............


You could see a scorpion and a kobold.

Vanquished Creatures
  An adder (D:2)
  A worm (D:2)
  3 dart slugs
  8 endoplasms
  2 giant cockroaches
  3 goblins (D:2)
  5 hobgoblins
  4 jackals (D:1)
  5 kobolds
  5 quokkas
  7 ball pythons
  3 bats (D:2)
  A frilled lizard (D:1)
  6 rats
54 creatures vanquished.

Notes
Turn   | Place    | Note
-------+----------+-------------------------------------------
     0 | D:1      | issech the Troll Monk began the quest for the Orb.
     0 | D:1      | Reached XP level 1. HP: 22/22 MP: 0/0
    76 | D:1      | Reached skill level 3 in Maces & Flails
   128 | D:1      | Reached XP level 2. HP: 29/29 MP: 1/1
   437 | D:1      | Reached XP level 3. HP: 36/36 MP: 2/2
  1119 | D:2      | Found Benuy's Assorted Antiques.
  1246 | D:2      | Reached XP level 4. HP: 44/44 MP: 3/3
  1594 | D:3      | Noticed a scorpion
  1635 | D:3      | HP: 2/44 [scorpion (6)]
  1665 | D:3      | HP: 1/44 [poisoned by a scorpion]
  1666 | D:3      | Succumbed to a scorpion's poison

Illustrated notes

Levels and vault maps discovered:
D:1:      roderic_crossed_star, layout_loops_ring, minmay_misc_feat_x
D:2:      layout_loops_cross, serial_shops, nicolae_shop_overgrown_old_shop,
          hangedman_decor_clover_reticule, kennysheep_nub,
          chequers_serial_rivers_small_a
D:3:      layout_basic, xom_redecorated, dilly_ecumenical_altar_fadedgnrine,
          uniq_robin

Skill      XL: |  1 |
---------------+----+-----
Maces & Flails | 3 |  3.7
Fighting       | |  2.9
Dodging        | |  2.9
Stealth        | |  1.2

Action                   |  1- 3 |  4- 6 || total
-------------------------+-------+-------++-------
Melee: Mace              |   129 |    53 ||   182
       Punch             |     2 |       ||     2
 Stab: Sleeping          |     3 |     1 ||     4
Armor: Robe              |    52 |    25 ||    77
Dodge: Dodged            |    93 |    43 ||   136
